← All builds
Pond / Armada / Economy first / OBSERVED BUILD

Fatboy buy

Armada Pond build order · Supreme Isthmus

Pond funds Tech to produce a Fatboy from 5:04 and gets it delivered by Hephaestus to push the front early.

#team support #push · 458 distinct matches · 112 players · 25% of Armada Pond games · team won 48% of 495 · Recently observed

THE CATCH, AND WHAT COMES WITH IT
  • FatboyFatboy from Tech arrives 5:04 · 21% of role by thenTech makes it and hands it over.
  • HephaestusHeavy transport from an ally in 80%21% of all Pond games by then

Paid for by sending allies about 1,100 metal and 13,000 energy by 5:00; standard pond sends 0 metal and 9,000 energy.

Where those units first fight, in 465 games with kill data: in the middle 86%, on their own side 14%.

Those units destroy a typical 2,935 metal of enemy units by 15:00.

Then transitions into tick (31% of army), pawn (15% of army).

HOW TO PLAY IT

Key timing: Fatboy to front by 5:02

  1. Open tidals and mex, add wind as usual Pond eco.
  2. Grab a heavy transport from air to fly it forward.
  3. Send Tech heavy metal and energy to buy a Fatboy.
  4. Get Fatboy handed over from Tech's factory for front.
  5. Fight in middle with Fatboy, then return to normal Tick and Pawn lab output.

Phase by phase

TYPICAL OF ITS 458 GAMES · AGAINST STANDARD POND
  1. 1
  2. 2
PLAY THE OPENING

Follow the example game's first 6:05 step by step: what to build now, what comes next, and where it goes. At 1× it keeps pace with your own game.

  1. 1

    Up to the Bot Lab

    Economy
    • Metal Extractor4Mex
    • Wind Turbine10Wind
    • Tidal Generator8Tidalfor allies
    • Tidal Generator1Tidal
    • Energy Converter2Converter
    • Energy Storage1Energy storage
    Order
    1. Bot LabBot Lab after 4 mex, 11 wind, 2 converterdone ~5:55, middle half 4:53–6:59

    The standard build makes here, this one skips: 2 con bot

    By 5:27 in all: 4 mex · 10 wind · 1 tidal · 2 converter · 1 energy storage

    The example game in this phase · 12 steps
    1. Tidal ×8for Suicide front
    2. Tidal ×3
    3. Mex ×2
    4. Energy storage
    5. Radar TowerRadar Tower
    6. Mex ×2
    7. Converter ×2
    8. Wind ×8
    9. Converter ×2
    10. Wind ×6
    11. Converter
    12. Bot LabBot Labdone 5:54 · typical 5:55
  2. 2

    Bot Lab to 10:00

    Economy
    • Wind Turbine7Wind−20 vs standard
    Builders
    • Construction Turret1 Con turret
    • Construction Bot2 Con bot +2 vs standard
    Army
    • Tick6 Tick +6 vs standard

    Some games also: Lazarus (45%) · converter (34%) · eat Bot Lab (37%)

    The standard build makes here, this one skips: 6 converter

    By 10:00 in all: 4 mex · 22 wind (standard 38) · 1 tidal · 4 converter (standard 9) · 1 energy storage · 2 con turret

    The example game in this phase · 112 steps
    1. Construction BotCon bot ×5
    2. Con turret ×2
    3. Wind ×9
    4. Construction BotCon bot
    5. Con turret
    6. Wind
    7. Advanced Metal ExtractorT2 mexdone 9:54 · typical 9:52
    8. Wind ×2
    9. BeamerBeamer
    10. Wind
    11. Advanced Metal ExtractorT2 mex
    12. Wind
    13. BeamerBeamer ×2
    14. Bot LabEat Bot Labreclaimed for its metal
    15. Advanced Metal ExtractorT2 mex
    16. Vehicle PlantVehicle Plantdone 11:06
    17. Advanced Metal ExtractorT2 mex
    18. Construction VehicleCon vehicle ×3
    19. Wind
    20. Construction VehicleCon vehicle
    21. Wind
    22. Construction VehicleCon vehicle
    23. Wind ×2
    24. BlitzBlitz
    25. Wind ×2
    26. BlitzBlitz
    27. CitadelAnti-nukenot finished by 15:00
    28. Wind
    29. BlitzBlitz ×2
    30. Wind
    31. BlitzBlitz
    32. Wind
    33. BlitzBlitz
    34. Energy storage
    35. Construction VehicleCon vehicle
    36. Wind
    37. BlitzBlitz
    38. Mex
    39. Wind
    40. BlitzBlitz
    41. Wind
    42. BlitzBlitz
    43. Vehicle PlantVehicle Plantdone 12:57
    44. Wind
    45. BlitzBlitz
    46. Wind ×2
    47. BlitzBlitz
    48. Wind
    49. Converter
    50. Wind
    51. BlitzBlitz
    52. Wind
    53. Dragon's TeethDragon's Teeth ×4
    54. Converter
    55. Dragon's TeethDragon's Teeth
    56. BlitzBlitz
    57. Wind
    58. Dragon's TeethDragon's Teeth ×3
    59. Wind
    60. Dragon's TeethDragon's Teeth ×2
    61. BlitzBlitz
    62. Converter
    63. Wind ×2
    64. BlitzBlitz
    65. Wind
    66. Converter
    67. BlitzBlitz
    68. Wind ×2
    69. BlitzBlitz
    70. Construction VehicleCon vehicle
    71. Wind ×2
    72. Con turret
    73. Converter
    74. Wind
    75. Construction VehicleCon vehicle
    76. BlitzBlitz
    77. Wind ×2
    78. BlitzBlitz
    79. Wind ×2
    80. Converter
    81. BlitzBlitz
    82. Wind ×2
    83. BlitzBlitz
    84. RoverScout
    85. Wind ×2
    86. RoverScout
    87. Wind
    88. Converter
    89. RoverScout
    90. BlitzBlitz
    91. Wind ×2
    92. RoverScout
    93. Wind
    94. BlitzBlitz
    95. Wind
    96. RoverScout ×2
    97. BlitzBlitz
    98. RoverScout
    99. Converter
    100. RattlesnakeRattlesnakenot finished by 15:00
    101. Wind
    102. BlitzBlitz
    103. Wind
    104. RoverScout
    105. Wind
    106. RoverScout
    107. Wind
    108. RoverScout
    109. BlitzBlitz
    110. Converter
    111. Wind ×4
    112. Converter

Counts are medians over the build's games: half of them build more, half fewer. The example game is NEXUS_VI's (34 OS, 13/10/2026); pick another.

Team trades

IN AT LEAST 30% OF ITS GAMES

You hand over

  • Tidal Generator8 Tidal to Suicide front or Frontfirst at 0:10 · in 97% of games

You get

  • Hephaestus1 Heavy transport from Air or Techfirst at 4:50 · in 82% of games
  • Fatboy1 Fatboy from Techfirst at 5:05 · in 100% of games
  • Advanced Construction Bot1 T2 con bot from Techfirst at 8:14 · in 96% of games

How it plays out

Typical game of this build against the role’s standard build, running totals by minute

  • This build
  • Standard pond

Metal produced

010k20k30k
0:005:0010:0015:00

metal

Enemy metal destroyed

02k4k6k
0:005:0010:0015:00

metal

Own metal lost

02k4k
0:005:0010:0015:00

metal

Metal sent to allies

01k2k
0:005:0010:0015:00

metal

Energy sent to allies

020k40k60k
0:005:0010:0015:00

metal

495 games.

Show as table
ByMetal produced: This buildMetal produced: Standard pondEnemy metal destroyed: This buildEnemy metal destroyed: Standard pondOwn metal lost: This buildOwn metal lost: Standard pondMetal sent to allies: This buildMetal sent to allies: Standard pondEnergy sent to allies: This buildEnergy sent to allies: Standard pond
1:0011511500000012901282
2:0026826800000026072781
3:0080879900000039884436
4:00148814730000404064796138
5:0022212185000011101131068989
6:0029792995000013892321826812657
7:0038153910360210014724372139315669
8:0047054948126017018911715674632425019216
9:0056626223205837946231616164682655221289
10:0067957705297561194555216504902926123110
11:00824596453514842145185517325183072026170
12:00992412052390011691874128917515243257827931
13:001217514538440815532330187618006263529930525
14:001451817427487421342925253518586653864831558
15:001708120188534625993501324919297084217732681
WHAT THE NUMBERS SAY

Same win rate as the standard build but destroys far more enemy metal by 15:00 at the cost of much higher own metal production lost.

  • + Destroys 5806 enemy metal by 15:00 vs 2962 standard.
  • + Reclaims Bot Lab in 39% of games to recoup metal.
  • − Own metal lost roughly doubles by 10:00 (988 vs 440).
  • − Metal production falls behind standard by 15:00 (17452 vs 20971).
THE EXAMPLE YOU ARE READING

NEXUS_VI

34.3 OS · 13/10/2026

Open source match ↗

3 received units · includes a constructor
117 metal received · 44035 energy received

Allied construction assistance is unknown. Timings are observations, not a promise of solo reproducibility.

Typical milestones

Bot Lab5:55Middle 50%: 4:53–6:59 · n=442
Advanced Metal Extractor9:52Middle 50%: 9:06–10:35 · n=468

Played most by

Teaner43games of this buildHummell20games of this buildDRM17games of this build_X_17games of this build[Grump]Grumpiness16games of this build
Fatboy buy · Armada Pond build order · BAR Build Atlas